AoeStats
← Stoskraw

Black Forest

507841187Analyzed
4v4 RM · 12d ago on Sep 19, 2026· 53m 4s· 8 players
Game mode
Random Map
Map size
Large (8 player)
Population
200
Speed
Normal
Resources
Standard
Victory
Conquest
Starting age
Dark Age
Ending age
Imperial Age
RankedLock teamsTeams togetherTeam positionsShared explorationLock speedFull tech treeHidden civsTurbo modeCheats
Victory
Defeat
🇨🇴 Tupi · Colombia
829
+16
🇮🇳 Vietnamese · India
827
+16
🇺🇸 Inca · United States
795
+18
🇨🇱 Huns · Chile
707
+20
🇨🇦 Celts · Canada
869
-19
🇩🇪 Saracens · Germany
819
-17
🇦🇷 Wei · Argentina
817
-17
🇧🇷 Bohemians · Brazil
807
-17
TrueCrime
0:29 Loom
13:36 Feudal Age
19:50 Castle Age
18:01 Double-Bit Axe
17:58 Horse Collar
20:24 Wheelbarrow
22:07 Caravan
24:10 Bow Saw
24:50 Stone Mining
24:51 Gold Mining
31:46 Heavy Plow
32:41 Bloodlines
32:32 Husbandry
33:14 Padded Archer Armor
33:05 Fletching
33:25 Forging
37:08 Imperial Age
35:11 Hand Cart
37:05 Scale Barding Armor
37:36 Iron Casting
36:56 Bodkin Arrow
37:17 Leather Archer Armor
37:54 Ballistics
38:16 Conscription
37:17 Elite Mameluke
37:58 Heavy Camel Rider
44:51 Chain Barding Armor
46:10 Blast Furnace
50:01 Chemistry
49:05 Onager
sensticks
11:26 Feudal Age
11:55 Double-Bit Axe
11:55 Horse Collar
14:11 Loom
19:36 Castle Age
20:28 Stone Mining
20:50 Bow Saw
21:27 Caravan
24:33 Gold Mining
27:15 Fortified Wall
28:43 Wheelbarrow
34:44 Imperial Age
32:53 Heavy Plow
35:31 Siege Engineers
35:48 Furor Celtica
36:12 Hand Cart
35:47 Town Watch
36:30 Conscription
36:51 Scale Mail Armor
37:01 Forging
37:42 Heavy Scorpion
39:37 Elite Skirmisher
40:01 Onager
41:36 Pikeman
43:04 Halberdier
45:29 Chain Mail Armor
45:49 Iron Casting
46:04 Fletching
48:00 Plate Mail Armor
48:30 Blast Furnace
51:37 Blast Furnace
51:09 Plate Mail Armor
Thorrado
0:34 Loom
15:51 Feudal Age
23:55 Castle Age
24:34 Wheelbarrow
23:41 Horse Collar
23:55 Double-Bit Axe
24:46 Forging
24:28 Fletching
24:36 Pikeman
26:42 Bow Saw
29:08 Caravan
34:41 Imperial Age
35:45 Hand Cart
37:21 Chemistry
36:43 Ballistics
40:19 Houfnice
LuchoCuzzo
0:51 Loom
15:35 Feudal Age
16:08 Double-Bit Axe
17:21 Wheelbarrow
16:33 Town Watch
18:46 Horse Collar
24:22 Castle Age
22:53 Stone Mining
25:45 Hand Cart
27:27 Stone Shaft Mining
33:23 Heavy Plow
37:46 Tuntian
41:08 Treadmill Crane
41:42 Pikeman
Paolosip3532
0:36 Loom
16:20 Feudal Age
17:37 Wheelbarrow
16:50 Double-Bit Axe
17:12 Gold Mining
17:14 Stone Mining
17:34 Horse Collar
24:10 Castle Age
25:05 Bow Saw
25:11 Fletching
25:39 Hand Cart
26:27 Gold Shaft Mining
25:55 Bodkin Arrow
26:01 Padded Archer Armor
26:04 Town Watch
32:50 Imperial Age
30:40 Caravan
32:24 Leather Archer Armor
33:08 Ballistics
34:26 Bracer
36:43 Conscription
37:14 Ring Archer Armor
38:22 Chemistry
43:03 Elite Blackwood Archer
45:36 Two-Man Saw
47:35 Curare
Kevovm
0:45 Loom
16:36 Feudal Age
18:35 Wheelbarrow
17:55 Gold Mining
17:54 Double-Bit Axe
19:48 Horse Collar
22:22 Bloodlines
26:33 Castle Age
25:52 Forging
26:07 Man-at-Arms
26:38 Arson
27:02 Scale Barding Armor
27:50 Heavy Plow
28:29 Gold Shaft Mining
28:10 Bow Saw
29:10 Hand Cart
28:24 Light Cavalry
29:06 Husbandry
29:41 Marauders
33:04 Imperial Age
31:59 Iron Casting
31:46 Chain Barding Armor
33:21 Caravan
34:56 Blast Furnace
34:33 Plate Barding Armor
34:25 Conscription
33:51 Cavalier
34:29 Capped Ram
37:20 Chemistry
36:56 Elite Tarkan
38:22 Paladin
Stoskraw
0:29 Loom
18:06 Feudal Age
25:56 Castle Age
25:45 Double-Bit Axe
25:41 Horse Collar
26:47 Caravan
34:49 Wheelbarrow
34:09 Fletching
34:38 Bow Saw
34:31 Heavy Plow
36:02 Scale Mail Armor
37:01 Hand Cart
40:46 Imperial Age
39:06 Stone Mining
39:10 Gold Mining
40:16 Chain Mail Armor
40:55 Fortified Wall
41:28 Capped Ram
43:15 Fabric Shields
43:53 Conscription
45:37 Plate Mail Armor
46:23 Chemistry
46:05 Elite Kamayuk
47:28 Forging
47:55 Treadmill Crane
48:55 Gold Shaft Mining
48:57 Stone Shaft Mining
50:41 Arson
50:57 Squires
50:53 Siege Ram
53:23 Iron Casting
french_fires
11:08 Feudal Age
12:25 Wheelbarrow
12:04 Loom
13:02 Double-Bit Axe
19:09 Castle Age
17:20 Horse Collar
19:27 Gold Mining
19:28 Stone Mining
20:03 Town Watch
20:37 Hand Cart
23:53 Bow Saw
26:23 Heavy Plow
27:04 Caravan
33:44 Imperial Age
31:00 Town Watch
32:19 Forging
32:15 Scale Barding Armor
32:11 Padded Archer Armor
32:01 Fletching
33:55 Town Patrol
35:08 Bloodlines
34:59 Husbandry
35:26 Chain Barding Armor
35:42 Iron Casting
35:28 Leather Archer Armor
35:09 Bodkin Arrow
35:32 Elite Battle Elephant
36:51 Plate Barding Armor
36:57 Stone Shaft Mining
36:57 Scale Mail Armor
37:34 Arson
37:50 Squires
38:17 Thumb Ring
37:34 Elite Skirmisher
37:45 Elite Skirmisher
39:00 Ring Archer Armor
38:40 Imperial Skirmisher
40:02 Paper Money
39:44 Chatras
39:06 Elite Rattan Archer
43:13 Two-Man Saw
42:31 Bracer
42:47 Chain Mail Armor
Connection lost

Rejoining the realm…

Still unreachable

The connection could not be restored.

Session expired

The server has moved on; the page needs a fresh start.